 Dungeon Sprint DCSS version 0.19-a0-1697-g0595f0e (webtiles) character file.

20699 poirepourri the Ninja (level 12, -17/56 HPs)
             Began as a Spriggan Enchanter on Sept 26, 2016.
             Was a High Priest of Dithmenos.
             Shot with an arrow by a deep elf master archer (42 damage)
             ... in the Dungeon (Sprint I: "Red Sonja").
             The game lasted 00:10:25 (3426 turns).

poirepourri the Ninja (Spriggan Enchanter)          Turns: 3426, Time: 00:10:25

Health: -17/56     AC:  7    Str:  4    XL:     12   Next: 47%
Magic:  30/38      EV: 34    Int: 17    God:    Dithmenos [*****.]
Gold:   1392       SH:  0    Dex: 21    Spells: 5 memorised, 29 levels left

rFire  . . .     SeeInvis +     r - +2 rapier (venom)
rCold  . . .     Gourm    .     q - +1 robe {Archmagi}
rNeg   . . .     Faith    .     (shield restricted)
rPois  .         Spirit   .     (helmet restricted)
rElec  .         Dismiss  .     i - +0 cloak
rCorr  .         Reflect  .     (gloves unavailable)
MR     ++...     Harm     .     (boots unavailable)
Stlth  +++++++++. NoTele   +    (no amulet)
                                s - ring of magical power
                                k - +2 ring of protection

@: wreathed by umbra, very quick
A: unfitting armour, repulsion field 1, see invisible, herbivore 3, speed 3, low
mp 1, slow metabolism 2
a: Shadow Step, Shadow Form, Renounce Religion


You were in the Dungeon.
You worshipped Dithmenos.
Dithmenos was extremely pleased with you.
You were not hungry.

You visited 1 branch You collected 2718 gold pieces.
You spent 1326 gold pieces at shops.

Inventory:

Hand Weapons
 r - a +2 rapier of venom (weapon)
Armour
 f - the cursed +1 robe of Vinuir {MP+9}
   (You bought it in a shop in the Dungeon)

   It affects your magic capacity (+9).
   It has a curse placed upon it.
 i - a +0 cloak (worn)
 n - a +1 buckler of protection
 q - a +1 robe of the Archmagi (worn)
Jewellery
 k - a +2 ring of protection (left hand)
 s - a ring of magical power (right hand)
Wands
 b - a wand of acid (5/15)
 l - a wand of enslavement (24/24)
Scrolls
 j - 2 scrolls of blinking
 o - a scroll of amnesia
Potions
 e - 5 potions of curing
 g - a potion of haste
 h - 2 potions of magic
 m - a potion of lignification
Books
 c - a book of Maledictions

   Spells                             Type                      Level
   a - Corona                         Hexes                        1
   b - Ensorcelled Hibernation        Hexes/Ice                    2
   c - Confuse                        Hexes                        3
   d - Tukima's Dance                 Hexes                        3
   e - Dazzling Spray                 Conjuration/Hexes            3
Miscellaneous
 p - a sack of spiders
Comestibles
 a - a fruit
 d - 2 bread rations


   Skills:
 - Level 2.6 Fighting
 + Level 12.8 Short Blades
 * Level 14.3 Dodging
 O Level 27 Stealth
 + Level 15.1 Spellcasting
 + Level 1.3 Conjurations
 + Level 17.2 Hexes
 - Level 1.2 Ice Magic
 + Level 4.9 Invocations


You had 29 spell levels left.
You knew the following spells:

 Your Spells              Type           Power        Failure   Level  Hunger
a - Corona                Hex            #######      0%          1    None
b - Ensorcelled Hibernat  Hex/Ice        ######       1%          2    None
c - Confuse               Hex            #######.     0%          3    None
d - Tukima's Dance        Hex            #######.     0%          3    None
e - Dazzling Spray        Conj/Hex       ######       1%          3    None


Dungeon Overview and Level Annotations

Branches:
Dungeon (1/1)

Altars:
Cheibriados
Dithmenos
Elyvilon
Fedhas
Gozag
Hepliaklqana
Kikubaaqudgha
Makhleb
Nemelex Xobeh
Okawaru
Qazlal
Ru
Sif Muna
Trog
Uskayaw
Vehumet
Xom
Yredelemnul
Zin
The Shining One
Jiyva
Lugonu

Shops:
D ?}?*[?*(?%[[*:[[(%:[=

Annotations:
D exclusion: oklob plant


Innate Abilities, Weirdness & Mutations

You are very small and have problems with some larger weapons.
You are too small for most types of armour.
You have supernaturally acute eyesight. (SInv)
You are a herbivore.
You cover ground extremely quickly.
You need consume almost no food.
You are surrounded by a mild repulsion field. (EV +2)
Your magical capacity is low. (-10% MP)


Message History

Found 81 gold pieces.
You enter the shallow water.
Moving in this stuff is going to be slow.
Found 351 gold pieces, a glowing hand axe and a crooked glowing staff.
Aiming: Shadow Step
Press: ? - help, Dir - move target cursor, f - deep elf master archer
Aim: a deep elf master archer, wearing a leather armour (resting, umbra)
You step into the deep elf master archer's shadow.
The deep elf master archer wields a longbow.
The deep elf master archer shoots an arrow.
The arrow hits you!!
Ouch! That really hurt!
You emit a cloud of dark smoke.
You hear a splash.
Found three items.
Your unstable footing causes you to fumble your attack.
The deep elf master archer shoots an arrow.
The arrow hits you!!!
Ouch! That really hurt!
You die...

###....#.#≈≈≈## $$
#...####.#≈≈≈≈## $$$
..# ..#≈≈≈≈≈#######
..$§ #
####≈≈≈≈#≈≈≈≈≈#.§..$
#'≈≈≈'≈≈.≈≈'§.§.$
#$$$##≈≈#≈≈≈≈≈#≈≈≈.
#$$$ ######'#####≈≈
#$$$ #≈≈§§§≈≈≈≈≈#
#### #≈§@§≈≈≈≈≈≈
#))'$§e§≈≈≈≈≈≈
|'||#$$$§$$$$≈≈ ###
###########


You could see a deep elf master archer.

Vanquished Creatures
  the Lernaean hydra (D)
  A lorocyproca (D)
  2 centaur warriors (D)
  Sonja (D)
  7 unseen horrors (D)
  A deep troll (D)
  A lindwurm (D)
  An oklob plant (D)
  8 shining eyes (D)
  A siren (D)
  A gargoyle (D)
  2 kobold demonologists (D)
  4 demonic crawlers (D)
  A slime creature (D)
  Sigmund (D)
  2 redbacks (D)
  13 hogs (D)
  A yak (D)
  6 floating eyes (D)
  2 wasps (D)
  7 necrophages (D)
  An ogre (D)
  8 jellies (D)
  Ijyb (D)
  2 ballistomycetes (D)
  A ballistomycete spore (D)
77 creatures vanquished.

Vanquished Creatures (others)
  A hydra (D)
  A siren (D)
  A gargoyle (D)
  A floating eye (D)
  3 wasps (D)
  A ballistomycete spore (D)
8 creatures vanquished.

Grand Total: 85 creatures vanquished

Notes
Turn   | Place    | Note
-------+----------+-------------------------------------------
     0 | D        | poirepourri the Spriggan Enchanter began the quest for the Orb.
     0 | D        | Reached XP level 1. HP: 9/9 MP: 5/5
     2 | D        | Noticed Ijyb
    32 | D        | Killed Ijyb
    32 | D        | Reached skill level 6 in Stealth
    32 | D        | Reached skill level 5 in Hexes
    32 | D        | Reached XP level 2. HP: 5/13 MP: 6/8
   207 | D        | Learned a level 2 spell: Ensorcelled Hibernation
   253 | D        | Noticed an ogre
   257 | D        | Killed an ogre
   257 | D        | Reached skill level 5 in Dodging
   257 | D        | Reached skill level 9 in Stealth
   257 | D        | Reached skill level 5 in Spellcasting
   257 | D        | Reached XP level 3. HP: 16/16 MP: 8/10
   257 | D        | Reached XP level 4. HP: 21/21 MP: 9/12
   285 | D        | Noticed Sigmund
   288 | D        | Killed Sigmund
   288 | D        | Reached skill level 11 in Stealth
   288 | D        | Reached XP level 5. HP: 24/24 MP: 13/15
   288 | D        | Reached XP level 6. HP: 28/28 MP: 13/16
   299 | D        | Found a deep blue altar of Sif Muna.
   312 | D        | Found a radiant altar of Vehumet.
   317 | D        | Reached skill level 10 in Hexes
   327 | D        | Learned a level 3 spell: Confuse
   331 | D        | Learned a level 3 spell: Tukima's Dance
   335 | D        | Learned a level 3 spell: Dazzling Spray
   367 | D        | Found Xaje's General Store.
   367 | D        | Found an ancient bone altar of Kikubaaqudgha.
   367 | D        | Found a hazy altar of Hepliaklqana.
   367 | D        | Found a stormy altar of Qazlal.
   367 | D        | Found a hide-covered altar of Uskayaw.
   367 | D        | Found a blossoming altar of Fedhas.
   367 | D        | Found a bloodstained altar of Trog.
   367 | D        | Found an iron altar of Okawaru.
   367 | D        | Found a basalt altar of Yredelemnul.
   367 | D        | Found a glowing golden altar of the Shining One.
   367 | D        | Found a snail-covered altar of Cheibriados.
   367 | D        | Found a sacrificial altar of Ru.
   367 | D        | Found a glowing silver altar of Zin.
   367 | D        | Found a shadowy altar of Dithmenos.
   367 | D        | Found a white marble altar of Elyvilon.
   367 | D        | Noticed a yak
   368 | D        | Found an opulent altar of Gozag.
   369 | D        | Killed a yak
   369 | D        | Reached skill level 13 in Stealth
   370 | D        | Found a sparkling altar of Nemelex Xobeh.
   383 | D        | Noticed Sonja
   387 | D        | Killed Sonja
   387 | D        | Reached skill level 1 in Fighting
   387 | D        | Reached skill level 15 in Stealth
   387 | D        | Reached XP level 7. HP: 33/33 MP: 18/20
   387 | D        | Reached XP level 8. HP: 37/37 MP: 18/21
   400 | D        | Became a worshipper of Dithmenos the Shadowed
   432 | D        | Found Wochex's Magic Scroll Boutique.
   452 | D        | Noticed a deep troll
   456 | D        | Killed a deep troll
   456 | D        | Reached skill level 5 in Short Blades
   456 | D        | Reached skill level 16 in Stealth
   468 | D        | Found Osith's Armour Emporium.
   493 | D        | Noticed a centaur warrior
   493 | D        | Noticed a centaur warrior
   498 | D        | HP: 1/37 [centaur warrior/arrow (11)]
   505 | D        | Killed a centaur warrior
   505 | D        | Reached skill level 17 in Stealth
   505 | D        | Reached skill level 10 in Spellcasting
   505 | D        | Reached XP level 9. HP: 25/41 MP: 20/24
   520 | D        | Killed a centaur warrior
   520 | D        | Reached * piety under Dithmenos
   520 | D        | Reached skill level 10 in Dodging
   520 | D        | Reached skill level 18 in Stealth
   520 | D        | Reached skill level 1 in Ice Magic
   670 | D        | Found a burning altar of Makhleb.
   670 | D        | Found a viscous altar of Jiyva.
   670 | D        | Found a shimmering altar of Xom.
   670 | D        | Found a corrupted altar of Lugonu.
   673 | D        | Reached skill level 19 in Stealth
   705 | D        | Noticed an oklob plant
   707 | D        | Killed an oklob plant
   707 | D        | Reached ** piety under Dithmenos
   734 | D        | Noticed an unseen horror
   734 | D        | Noticed an unseen horror
   739 | D        | Killed an unseen horror
   739 | D        | Reached skill level 20 in Stealth
   739 | D        | Reached XP level 10. HP: 46/46 MP: 24/26
   741 | D        | Killed an unseen horror
   741 | D        | Reached *** piety under Dithmenos
   741 | D        | Reached skill level 21 in Stealth
   741 | D        | Reached skill level 15 in Hexes
   847 | D        | Reached **** piety under Dithmenos
  1001 | D        | Reached ***** piety under Dithmenos
  1027 | D        | Found Syraug's Food Boutique.
  1027 | D        | Found Nezir's Antique Weapon Shoppe.
  1028 | D        | Found Vool Wua's Magic Scroll Boutique.
  1028 | D        | Found Zevve's Book Emporium.
  1029 | D        | Found Yzedut's Jewellery Emporium.
  1054 | D        | Reached skill level 1 in Invocations
  1058 | D        | Reached skill level 22 in Stealth
  1225 | D        | Found Ironu's General Store.
  1227 | D        | Found Gewubau's Food Emporium.
  1227 | D        | Found Qeitymis's Armour Shop.
  1227 | D        | Found Vopton's Armour Shoppe.
  1227 | D        | Found Okhlajupt's General Store.
  1227 | D        | Found Umanlul's Book Emporium.
  1227 | D        | Found Etusuth's Armour Shop.
  1227 | D        | Found Raogenk's Armour Shoppe.
  1231 | D        | Found Oluetzur's Weapon Boutique.
  1239 | D        | Bought a +1 robe of the Archmagi for 392 gold pieces
  1243 | D        | Bought a +2 rapier of venom for 184 gold pieces
  1246 | D        | Bought an uncursed ring of magical power for 240 gold pieces
  1427 | D        | Reached ****** piety under Dithmenos
  1450 | D        | Reached skill level 23 in Stealth
  1455 | D        | Killed a siren
  1464 | D        | Noticed a gargoyle
  1469 | D        | Killed a gargoyle
  1499 | D        | Killed a 12-headed hydra
  1500 | D        | Noticed a lindwurm
  1503 | D        | Killed a lindwurm
  1503 | D        | Reached XP level 11. HP: 51/51 MP: 28/28
  1522 | D        | Reached skill level 24 in Stealth
  1659 | D        | Noticed a daeva
  1662 | D        | Noticed an unseen horror
  1662 | D        | Noticed an unseen horror
  1662 | D        | Noticed an unseen horror
  1663 | D        | Noticed an unseen horror
  1666 | D        | Killed an unseen horror
  1668 | D        | Noticed an unseen horror
  1669 | D        | Killed an unseen horror
  1669 | D        | Reached skill level 10 in Short Blades
  1669 | D        | Reached skill level 25 in Stealth
  1670 | D        | Killed an unseen horror
  1674 | D        | Killed an unseen horror
  1679 | D        | Killed an unseen horror
  2175 | D        | Bought a potion of invisibility for 112 gold pieces
  2188 | D        | Noticed a shining eye
  2188 | D        | Noticed a shining eye
  2188 | D        | Noticed a shining eye
  2188 | D        | Noticed a shining eye
  2188 | D        | Noticed a shining eye
  2188 | D        | Noticed a shining eye
  2192 | D        | Paralysed by a floating eye for 4 turns
  2200 | D        | Gained mutation: Your magical capacity is low. (-10% MP) [a shining eye]
  2201 | D        | Gained mutation: You are surrounded by a mild repulsion field. (EV +2) [a shining eye]
  2203 | D        | Killed a shining eye
  2203 | D        | Reached skill level 26 in Stealth
  2205 | D        | Noticed a shining eye
  2205 | D        | Noticed a shining eye
  2206 | D        | Killed a shining eye
  2207 | D        | Killed a shining eye
  2209 | D        | Killed a shining eye
  2211 | D        | Killed a shining eye
  2213 | D        | Killed a shining eye
  2215 | D        | Killed a shining eye
  2215 | D        | Reached skill level 27 in Stealth
  2217 | D        | Killed a shining eye
  2217 | D        | Reached skill level 1 in Conjurations
  2217 | D        | Reached XP level 12. HP: 56/56 MP: 3/28
  2430 | D        | Found Nifiptid's Gadget Shoppe.
  2430 | D        | Found Jeuja's Magic Scroll Emporium.
  2431 | D        | Found Zujuzxeu's Armour Shop.
  2431 | D        | Found Aniero's Magic Scroll Boutique.
  2457 | D        | Bought the cursed +1 robe of Vinuir {MP+9} for 135 gold pieces
  2512 | D        | Bought a scroll of blinking for 82 gold pieces
  2515 | D        | Bought a +1 buckler of protection for 181 gold pieces
  2703 | D        | Noticed a lorocyproca
  2706 | D        | Killed a lorocyproca
  3375 | D        | Noticed a deep elf annihilator
  3376 | D        | Noticed a mummy priest
  3418 | D        | Noticed the 27-headed Lernaean hydra
  3422 | D        | Killed the 27-headed Lernaean hydra
  3422 | D        | Reached skill level 15 in Spellcasting
  3423 | D        | Noticed a deep elf master archer
  3426 | D        | Shot with an arrow by a deep elf master archer

Vault maps used:
D:        dungeon_sprint_1

Skill      XL: |  1  2  3  4  5  6  7  8  9 10 11 12 |
---------------+-------------------------------------+-----
Dodging        | 4 5 6 8 9 10 11 14 | 14.3
Stealth        | 6 9 11 15 17 20 23 27 | 27.0
Spellcasting   | 4 5 6 8 10 11 12 14 15 | 15.1
Hexes          | 5 7 9 12 13 14 15 16 17 | 17.2
Short Blades   | 2 3 4 6 8 9 11 12 | 12.8
Fighting       | 1 2 |  2.6
Ice Magic      | 1 |  1.2
Invocations    | 1 2 4 |  4.9
Conjurations   | 1 |  1.3

Action                   |  1- 3 |  4- 6 |  7- 9 | 10-12 || total
-------------------------+-------+-------+-------+-------++-------
Melee: Dagger            |    29 |     4 |     9 |    21 ||    63
       Rapier            |       |       |       |    57 ||    57
 Cast: Ensorcelled Hiber |       |     1 |     2 |    21 ||    24
       Dazzling Spray    |       |       |       |    12 ||    12
       Confuse           |       |       |       |     5 ||     5
Invok: Shadow Step       |       |       |       |    13 ||    13
  Use: Potion            |     1 |       |     1 |     1 ||     3
       Scroll            |       |       |       |     4 ||     4
 Stab: Sleeping          |     2 |     4 |     9 |    51 ||    66
       Confused          |       |       |       |     2 ||     2
       Distracted        |       |       |       |     1 ||     1
  Eat: Fruit             |       |       |       |     2 ||     2
Armor: Robe              |     3 |       |       |     2 ||     5
Dodge: Dodged            |    16 |     1 |     2 |    35 ||    54
